 Dungeon Crawl Stone Soup version 0.26-a0-664-gc8b27b8fc1 (webtiles) character file.

Game seed: 9408524106160737449

56 DogServant the Stinger (level 3, -4/24 HPs)
             Began as a Demonspawn Venom Mage on Oct 13, 2020.
             Shot with an arrow by a centaur (6 damage)
             ... on level 2 of the Dungeon.
             The game lasted 00:03:55 (1933 turns).

DogServant the Stinger (Demonspawn Venom Mage)      Turns: 1933, Time: 00:03:55

Health: -4/24      AC:  9    Str:  8    XL:     3   Next: 69%
Magic:  6/6        EV: 11    Int: 17    God:
Gold:   80         SH:  0    Dex: 13    Spells: 3/6 levels left

rFire    . . .     SeeInvis .   o - +2 spear (vamp)
rCold    . . .     Faith    .   (no shield)
rNeg     . . .     Spirit   .   m - +3 leather armour
rPois    .         Reflect  .   (no helmet)
rElec    .         Harm     .   (no cloak)
rCorr    .         Rampage  .   (no gloves)
MR       .....                  c - +2 pair of boots {Fly}
Stlth    ++........             (no amulet)
HPRegen  0.08/turn              (no ring)
MPRegen  0.10/turn              (no ring)

@: about to teleport, stab, flying
A: powered by death 1
a: Stop Flying


You were on level 2 of the Dungeon.
You visited 1 branch of the dungeon, and saw 2 of its levels.

You collected 80 gold pieces.

Inventory:

Hand Weapons
 d - a +0 short sword
 o - a +2 vampiric spear (weapon)
Armour
 a - a +0 robe
 c - a +2 pair of boots of flying (worn)
 m - a +3 leather armour (worn)
Jewellery
 p - an uncursed ring of protection from cold {unknown}
Scrolls
 e - a scroll of teleportation
 g - a scroll of magic mapping {unknown}
 h - 2 scrolls of fear {unknown}
 i - a scroll of immolation {unknown}
 j - a scroll of amnesia {unknown}
 l - 3 scrolls of identify {unknown}
 n - a scroll of blinking {unknown}
Potions
 f - 2 potions of degeneration {unknown}
 k - 2 potions of cancellation {unknown}


   Skills:
 + Level 0.0 Armour
 - Level 1.7 Dodging
 - Level 1.7 Stealth
 - Level 2.4 Spellcasting
 + Level 2.1 Transmutations
 + Level 3.7 Poison Magic


You had 3 spell levels left.
You knew the following spells:

 Your Spells              Type           Power        Failure   Level
a - Sting                 Tmut/Pois      ##..         9%          1
b - Poisonous Vapours     Pois/Air       #.....       19%         2

Your spell library contained the following spells:

 Spells                   Type           Power        Failure   Level
 Ignite Poison            Fire/Tmut/Pois #.......     36%         3
 Mephitic Cloud           Conj/Pois/Air  #.......     43%         3
 Olgreb's Toxic Radiance  Pois           ##......     52%         4


Dungeon Overview and Level Annotations

Branches:
Dungeon (2/15)

Altars:
Kikubaaqudgha


Innate Abilities, Weirdness & Mutations

You regenerate a little health from kills.


Message History

The arrow hits you!
You see here an arrow.
A centaur is nearby!
The centaur shoots an arrow.
The arrow hits you!
Ouch! That really hurt!
* * * LOW HITPOINT WARNING * * *
You see here an arrow.
Okay, then.
Attack whom?
Press: ? - help, Dir - move target cursor, f - you
Okay, then.
As you read the scroll labeled VAS MASUZOI, it crumbles to dust.
You feel strangely unstable.
It was a scroll of teleportation.
The centaur shoots an arrow.
The arrow hits you but does no damage.
The centaur shoots an arrow.
The arrow hits you.
* * * LOW HITPOINT WARNING * * *
It was a potion of stabbing.
You feel ready to backstab.
The centaur shoots an arrow.
The arrow hits you.
You die...

...........................#.#
............#.#....[...#####.#
............#...<.........##.#
............#############.##.#
............# #.##.#
............# #.##.##
........#.### #.....#
#############################.#
.[..... .c.....@(............#
..#..#. ..#..#..#..#..#..#...#
.... .. ............†........#
..#.. . #..#..#..#..#..#...#
....... ....................#
####### ######################


You could see a centaur.

Vanquished Creatures
  An adder (D:2)
  An ooze (D:1)
  2 dart slugs
  2 leopard geckos
  7 bats (D:1)
  5 goblins
  4 hobgoblins
  A quokka (D:2)
  A frilled lizard (D:1)
  6 kobolds
  6 rats
36 creatures vanquished.

Notes
Turn   | Place    | Note
-------+----------+-------------------------------------------
     0 | D:1      | DogServant the Demonspawn Venom Mage began the quest for
                  | the Orb.
     0 | D:1      | Reached XP level 1. HP: 13/13 MP: 3/3
    28 | D:1      | Reached skill level 1 in Transmutations
   228 | D:1      | Gained mutation: You regenerate a little health from kills.
                  | [demonic ancestry]
   228 | D:1      | Reached XP level 2. HP: 19/19 MP: 0/5
   869 | D:1      | Learned a level 2 spell: Poisonous Vapours
  1027 | D:1      | Reached XP level 3. HP: 21/24 MP: 3/6
  1701 | D:2      | Found an ancient bone altar of Kikubaaqudgha.
  1930 | D:2      | Noticed a centaur
  1933 | D:2      | Shot with an arrow by a centaur

Illustrated notes

Levels and vault maps discovered:
D:1:      nzn_arrival_crosshair, layout_basic, fountainhead, minmay_vboxes
D:2:      layout_basic, old_standard_altar, columned_hall_lemuel

Skill      XL: |  1  2  3 |
---------------+----------+-----
Transmutations | 1 2 |  2.1
Dodging        | |  1.7
Stealth        | |  1.7
Spellcasting   | |  2.4
Poison Magic   | |  3.7

Action                   || total
-------------------------++-------
Melee: Unarmed           ||    14
       Short sword       ||    36
       Spear             ||     2
 Cast: Sting             ||    42
  Use: Scroll            ||     1
       Potion            ||     1
 Stab: Sleeping          ||     2
Armor: Robe              ||    43
       Leather armour    ||     3
Dodge: Dodged            ||    55

Table legend: (Time is in decaauts)
 A = Elapsed time spent in this place.
 B = Non-inter-level travel time spent in this place.
 C = Inter-level travel time spent in this place.
 D = Time resting spent in this place.
 E = Time spent auto-exploring this place.
 F = Levels seen in this place.
 G = Mean time per level.
                   A        B        C        D        E       F      G
               +--------+--------+--------+--------+--------+-----+--------+
         Total |   1935 |   1911 |     24 |     36 |   1572 |   2 |  967.5 |
       Dungeon |   1935 |   1911 |     24 |     36 |   1572 |   2 |  967.5 |
               +--------+--------+--------+--------+--------+-----+--------+

Top non-repeatable levels by time:
     D:1: 1305 daAuts
     D:2: 630 daAuts
